 Dungeon Crawl Stone Soup version 0.31.0-10-gcf4a605ca0 (webtiles) character file.

Game seed: 5320585506858630230

1614 Sweeb the Insei (level 8, -2/57 (63) HPs)
             Began as a Demonspawn Monk on Jan 25, 2024.
             Was a Believer of Sif Muna.
             Slain by a wight
             ... wielding a +2 falchion
              (11 damage)
             ... on level 6 of the Dungeon.
             The game lasted 00:07:56 (6014 turns).

Sweeb the Insei (Demonspawn Monk)                   Turns: 6014, Time: 00:07:57

HP:   -2/57 (63)    AC:  5    Str: 11    XL:     8   Next: 64%
MP:   13/13         EV: 14    Int: 12    God:    Sif Muna [**....]
Gold: 311           SH:  0    Dex: 17    Spells: 11/14 levels left

rFire   . .          .
                       - Unarmed
rCold   . . .        c - orb {light}
rNeg    . . .        a - +1 robe
rPois   .            (helmet restricted)
rElec   .            b - +1 cloak
rCorr   .            (no gloves)
SInv    .            (no boots)
Will    +....        h - amulet of faith
Stlth   +            v - ring of willpower
HPRegen 0.29/turn    (no ring)
MPRegen 0.26/turn

%: faith
@: hasted, glowing, drained, very quick
A: horns 1, spiny 2, magic regeneration
a: Renounce Religion, Channel Magic


You were on level 6 of the Dungeon.
You worshipped Sif Muna.
Sif Muna was pleased with you.
You visited 2 branches of the dungeon, and saw 7 of its levels.

You collected 311 gold pieces.

Inventory:

Hand Weapons
 n - a +0 falchion
Missiles
 m - a throwing net (quivered)
Armour
 a - a +1 robe (worn)
 b - a +1 cloak (worn)
 c - an orb of light (worn)
Jewellery
 h - an amulet of faith (around neck)
 r - an amulet of magic regeneration
 v - a ring of willpower (left hand)
Wands
 e - a wand of light (12)
 g - a wand of mindburst (1)
 i - a wand of iceblast (23)
Scrolls
 d - a scroll of blinking
 p - a scroll of vulnerability
 q - a scroll of butterflies
 t - a scroll of identify
 u - 2 scrolls of fog
Potions
 f - 2 potions of curing
 j - a potion of haste
 k - a potion of lignification
 l - a potion of mutation
 o - a potion of cancellation
 s - a potion of heal wounds


   Skills:
 + Level 5.5 Fighting
 + Level 5.1 Dodging
 * Level 6.6 Unarmed Combat
 + Level 3.9 Spellcasting
 + Level 4.0 Invocations


You had 11 spell levels left.
You knew the following spells:

 Your Spells              Type           Power      Damage    Failure   Level
a - Ozocubu's Armour      Ice            2%         N/A       56%         3

Your spell library contained the following spells:

 Spells                   Type           Power      Damage    Failure   Level
 Magic Dart               Conj           8%         1d3       22%         1
 Sandblast                Erth           4%         2d4       22%         1
 Blink                    Tloc           4%         N/A       34%         2
 Call Imp                 Summ           4%         N/A       34%         2
 Scorch                   Fire           4%         2d5       34%         2
 Passwall                 Erth           2%         N/A       56%         3
 Stone Arrow              Conj/Erth      4%         3d7       56%         3
 Tukima's Dance           Hex            2%         N/A       56%         3
 Brom's Barrelling Bould  Conj/Erth      2%         2d3       92%         4
 Dimensional Bullseye     Hex/Tloc       1%         N/A       92%         4
 Flame Wave               Conj/Fire      2%         2d4       92%         4
 Iskenderun's Mystic Bla  Conj/Tloc      2%         2d3       92%         4
 Metabolic Englaciation   Hex/Ice        1%         N/A       99%         5
 Sculpt Simulacrum        Ice/Alch       1%         N/A       100%        6
 Summon Cactus Giant      Summ           1%         N/A       100%        6


Dungeon Overview and Level Annotations

Branches:
Dungeon (6/15)             Temple (1/1) D:4

Altars:
Ashenzari
Cheibriados
Dithmenos
Fedhas
Gozag
Hepliaklqana
Kikubaaqudgha
Nemelex Xobeh
Okawaru
Qazlal
Ru
Sif Muna
Trog
Uskayaw
Vehumet
Wu Jian
Xom
Yredelemnul

Shops:
D:1 :?   D:2 (

Annotations:
D:1 2 transporters
D:5 3 runed translucent doors, paul's ghost, novice OnGl


Innate Abilities, Weirdness & Mutations

You have a pair of small horns on your head.
You are mostly covered in sharp spines.
You regenerate magic rapidly.


Message History

The wight is lightly damaged.
The wight closely misses you.
You barely miss the wight.
The wight is lightly damaged.
The wight hits you with a +0 war axe.
You feel drained.
You hit the wight.
You headbutt the wight, but do no damage.
The wight is moderately damaged.
You hit the wight.
The wight is moderately damaged.
The wight is struck by your spines. The wight hits you with a +0 war axe!
You hit the wight but do no damage.
You headbutt the wight, but do no damage.
The wight is severely damaged.
The wight is struck by your spines. The wight hits you with a +0 war axe.
You feel drained.
You barely miss the wight. You headbutt the wight.
You destroy the wight!
Sif Muna accepts your kill.
Your Invocations skill increases to level 4!
The wight misses you. The wight is struck by your spines.
The wight hits you with a +2 falchion!
* * * LOW HITPOINT WARNING * * *
You feel drained.
* * * LOW HITPOINT WARNING * * *
Things that are here:
a +0 war axe; a +0 robe You hit the wight but do no damage.
You headbutt the wight.
The wight is heavily damaged.
You hit the wight but do no damage.
The wight is heavily damaged.
The wight barely misses you. The wight hits you with a +2 falchion.
* * * LOW HITPOINT WARNING * * *
You hit the wight but do no damage.
The wight is heavily damaged.
The wight completely misses you.
You hit the wight but do no damage.
The wight is heavily damaged.
The wight hits you with a +2 falchion!
You die...

..# #.# #.# #.# #.#
##########.#
#...>......# #
#.########.#
#######.###### #@#
..)).........# #z######
#######.####.###z..z..#
#######.####......###.#
....>.........##..#
######............#
#...##...#...#
#...##.......#
#.............


You could see 2 wights.

Vanquished Creatures
  Prince Ribbit (D:6)
  An orc warrior (D:6)
  A sky beast (D:6)
  A black bear (D:5)
  An ogre (D:4)
  A centaur (D:5)
  A phantom (D:5)
  3 scorpions
  A wight (D:6)
  2 bombardier beetles
  3 hounds
  Crazy Yiuf (D:3)
  Jessica (D:3)
  Ijyb (D:5)
  2 iguanas (D:5)
  6 orc wizards
  A sleepcap (D:5)
  Natasha (thrice) (D:2)
  7 adders
  A shadow imp (D:6)
  2 ribbon worms (D:2)
  12 orcs
  5 ball pythons
  6 endoplasms
  4 giant cockroaches
  6 goblins
  8 hobgoblins
  2 quokkas
  5 bats
  3 frilled lizards
  6 kobolds
  9 rats
107 creatures vanquished.

Notes
Turn   | Place    | Note
-------+----------+-------------------------------------------
     0 | D:1      | Sweeb the Demonspawn Monk began the quest for the Orb.
     0 | D:1      | Reached XP level 1. HP: 18/18 MP: 1/1
    31 | D:1      | Found a transporter.
    31 | D:1      | Found Pezu's Book Emporium.
   161 | D:1      | Found a faded altar of an unknown god.
   210 | D:1      | Gained mutation: You are partially covered in sharp spines.
                  | [demonic ancestry]
   210 | D:1      | Reached XP level 2. HP: 24/24 MP: 2/2
   335 | D:1      | Reached skill level 3 in Unarmed Combat
   478 | D:1      | Found The Oracle's Delphic Readings.
   574 | D:1      | Found a transporter.
   965 | D:2      | Reached XP level 3. HP: 29/29 MP: 4/4
  1005 | D:2      | Noticed Natasha
  1014 | D:2      | Killed Natasha
  1015 | D:2      | Reached skill level 1 in Spellcasting
  1163 | D:2      | Gained mutation: You are mostly covered in sharp spines.
                  | [demonic ancestry]
  1163 | D:2      | Reached XP level 4. HP: 35/35 MP: 5/5
  1447 | D:2      | Noticed Natasha
  1452 | D:2      | Killed Natasha
  1458 | D:2      | Gained mutation: You have a pair of small horns on your
                  | head. [demonic ancestry]
  1458 | D:2      | Reached XP level 5. HP: 34/42 MP: 7/7
  1666 | D:2      | Found Gabluj's Weapon Emporium.
  1731 | D:2      | Noticed Natasha
  1737 | D:2      | Killed Natasha
  1738 | D:2      | Reached skill level 4 in Unarmed Combat
  1832 | D:3      | Noticed Jessica
  1848 | D:3      | Killed Jessica
  1849 | D:3      | Reached XP level 6. HP: 8/48 MP: 9/9
  2449 | D:3      | Found a runed translucent door.
  2450 | D:3      | Noticed Crazy Yiuf
  2623 | D:3      | Killed Crazy Yiuf
  2995 | D:4      | Found a staircase to the Ecumenical Temple.
  3012 | Temple   | Entered the Ecumenical Temple
  3666 | D:4      | Found a shimmering blue altar of Sif Muna.
  3680 | D:4      | Became a worshipper of Sif Muna the Loreminder
  3680 | D:4      | Reached * piety under Sif Muna
  3680 | D:4      | Reached ** piety under Sif Muna
  3895 | D:5      | Entered Level 5 of the Dungeon
  3944 | D:5      | Reached skill level 5 in Unarmed Combat
  3944 | D:5      | Reached XP level 7. HP: 48/55 MP: 9/11
  3980 | D:5      | Learned a level 3 spell: Ozocubu's Armour
  4003 | D:5      | Reached skill level 1 in Invocations
  4299 | D:5      | Noticed Ijyb
  4310 | D:5      | Killed Ijyb
  4311 | D:5      | Reached skill level 5 in Fighting
  4844 | D:5      | Gained mutation: You regenerate magic rapidly. [demonic
                  | ancestry]
  4844 | D:5      | Reached XP level 8. HP: 61/62 MP: 11/13
  5121 | D:5      | Found a runed translucent gate.
  5122 | D:5      | Found a runed translucent gate.
  5122 | D:5      | Noticed paul's ghost (novice OnGl)
  5123 | D:5      | Found a runed translucent gate.
  5125 | D:5      | Identified the +9 spear of Honour {pain, rCorr}
  5314 | D:6      | Reached skill level 6 in Unarmed Combat
  5551 | D:6      | Noticed Prince Ribbit
  5563 | D:6      | Killed Prince Ribbit
  5885 | D:6      | Reached skill level 5 in Dodging
  6014 | D:6      | Slain by a wight

Illustrated notes

Levels and vault maps discovered:
D:1:      dpeg_arrival_water_temple_mockup, layout_loops_ring, serial_shops,
          nicolae_shop_drivethru, ebering_ecumenical_altar_hall,
          nicolae_nh_oracle_at_delphi
D:2:      layout_loops_ring, serial_shops, nicolae_shop_bloodbath_and_beyond,
          corexii_hall_statues_u, uniq_natasha
D:3:      layout_basic, uniq_jessica, uniq_crazy_yiuf_cottage
D:4:      minmay_skewed_foursquare, layout_cave_pods, kennysheep_orc_sif_temple,
          minmay_temple_entry_tees
D:5:      layout_basic, serial_bayou, serial_bayou_crossing,
          serial_bayou_ford_a, serial_bayou_lake_a, serial_bayou_pond_d,
          biasface_ghost_orc_armoury, uniq_ijyb
D:6:      layout_loops_ring, uniq_prince_ribbit1
Temple:   mainiacjoe_temple_cubbyholes

Skill      XL: |  1  2  3  4  5  6  7  8 |
---------------+-------------------------+-----
Unarmed Combat | 3 4 5 6 |  6.6
Dodging        | 3 4 5 |  5.1
Spellcasting   | 1 2 3 |  3.9
Fighting       | 4 5 |  5.5
Invocations    | 2 4 |  4.0

Action                     |  1- 3 |  4- 6 |  7- 9 || total
---------------------------+-------+-------+-------++-------
  Melee: Unarmed           |    70 |   104 |   103 ||   277
         Headbutt          |       |    28 |    35 ||    63
  Throw: Throwing net      |       |       |     1 ||     1
    Use: Scroll            |     3 |    15 |     1 ||    19
         Potion            |       |     1 |     3 ||     4
   Stab: Held in net/web   |       |       |     1 ||     1
 Armour: Robe              |    26 |    53 |    50 ||   129
  Dodge: Dodged            |    38 |    50 |    46 ||   134
